 Dungeon Crawl Stone Soup version 0.29.1-1-gd02db6906a (webtiles) character file.

Game seed: 17281911296415252825

26884 tardwrangler69 the Severer (level 13, -4/86 HPs)
             Began as a Gargoyle Chaos Knight on Sept 28, 2022.
             Was a Plaything of Xom.
             Hit by a silver javelin thrown by a minotaur (11 damage)
             ... in a Gauntlet.
             The game lasted 00:43:31 (17122 turns).

tardwrangler69 the Severer (Gargoyle Chaos Knight) Turns: 17122, Time: 00:43:38

Health: -4/86      AC: 29    Str: 26 (27) XL:     13   Next: 28%
Magic:  13/13      EV: 12    Int:  9 (10) God:    Xom [*.....]
Gold:   1082       SH:  0    Dex: 13 (14) Spells: 12/12 levels left

rFire   . . .      SeeInvis .   N - +0 battleaxe (freeze)
rCold   + . .      Faith    .   (shield currently unavailable)
rNeg    + . .      Spirit   .   P - +0 plate armour
rPois   ∞          Reflect  .   S - +0 helmet "Mextur" {rC+ Str+2 Dex+4 Stlth-}
rElec   +          Harm     .   (no cloak)
rCorr   .          Rampage  .   (no gloves)
Will    +....      Rage     3%  U - +2 pair of boots
Stlth   .......... NoTele   +   (no amulet)
HPRegen 0.24/turn               o - +4 ring of evasion
MPRegen 0.13/turn               s - ring of willpower

@: no status effects
A: sickness immunity, AC +9, negative energy resistance 1, electricity
resistance, torment resistance 1, petrification resistance, iridescent scales 2,
thin skeletal structure 1, berserk 1, deformed body, deterioration 1, dopey 1,
strong 1, wild magic 2, evolution 1
a: Renounce Religion


You were in a Gauntlet.
You worshipped Xom.
You were a special plaything of Xom.
You visited 3 branches of the dungeon, and saw 16 of its levels.
You also visited: Gauntlet.

You collected 1082 gold pieces.

Inventory:

Hand Weapons
 a - a +4 short sword of flaming
 l - a +1 war axe
 v - a +1 antimagic short sword
 y - a +0 hand axe of draining
 N - a +0 battleaxe of freezing (weapon)
Missiles
 z - 10 javelins
 C - a throwing net
 E - 48 poisoned darts (quivered)
 K - 3 curare-tipped darts
Armour
 D - a +2 scale mail of positive energy
 M - a +2 hat
 P - a +0 plate armour (worn)
 S - the +0 helmet "Mextur" (worn) {rC+ Str+2 Dex+4 Stlth-}
   (You found it in a Gauntlet)

   Str:       It affects your strength (+2).
   Dex:       It affects your dexterity (+4).
   rC:        It protects you from cold.
   Stlth:     It makes you less stealthy.
 U - a +2 pair of boots (worn)
Jewellery
 n - a +6 ring of intelligence
 o - a +4 ring of evasion (left hand)
 s - a ring of willpower (right hand)
 F - a ring of fire
 Q - a ring of resist corrosion
 T - a ring of positive energy
 V - the ring "Zicaej" {rElec rF+ Dex+3}
   (You found it in a Gauntlet)

   [ring of protection from fire]

   Dex:       It affects your dexterity (+3).
   rF:        It protects you from fire.
   rElec:     It insulates you from electricity.
Wands
 b - a wand of roots (9)
 p - a wand of mindburst (19)
 q - a wand of paralysis (14)
 B - a wand of acid (12)
 G - a wand of flame (15)
 O - a wand of polymorph (5)
Scrolls
 e - 2 scrolls of enchant armour
 f - 4 scrolls of poison
 g - 5 scrolls of magic mapping
 k - 3 scrolls of teleportation
 m - 3 scrolls of vulnerability
 r - 2 scrolls of amnesia
 H - a scroll of immolation
 I - a scroll of enchant weapon
Potions
 d - a potion of brilliance
 h - a potion of haste
 i - a potion of cancellation
 j - a potion of flight
 t - 2 potions of curing
 u - 5 potions of magic
 x - 5 potions of attraction
 A - a potion of lignification
 J - 2 potions of invisibility {unknown}
 L - a potion of mutation {unknown}
Miscellaneous
 c - a piece from Xom's chessboard (8/15)


   Skills:
 + Level 12.0 Fighting
 - Level 15.0 Axes
 + Level 12.2 Armour
 - Level 0.7 Dodging
 * Level 1.4 Evocations


You had 12 spell levels left.
You didn't know any spells.
Your spell library contained the following spells:

 Spells                   Type           Power      Damage    Failure   Level
 Blink                    Tloc           0%         N/A       100%        2
 Wereblood                Tmut           0%         N/A       100%        2
 Ignite Poison            Fire/Tmut/Pois 0%         N/A       100%        3
 Lesser Beckoning         Tloc           0%         N/A       100%        3
 Mephitic Cloud           Conj/Pois/Air  0%         N/A       100%        3
 Stone Arrow              Conj/Erth      0%         3d7       100%        3
 Summon Guardian Golem    Hex/Summ       0%         N/A       100%        3
 Tukima's Dance           Hex            0%         N/A       100%        3
 Animate Armour           Summ/Erth      0%         N/A       100%        4
 Flame Wave               Conj/Fire      0%         2d4       100%        4
 Leda's Liquefaction      Hex/Erth       0%         N/A       100%        4
 Passage of Golubria      Tloc           0%         N/A       100%        4
 Freezing Cloud           Conj/Ice/Air   0%         6-21      100%        5
 Lee's Rapid Deconstruct  Erth           0%         3d5*      100%        5
 Manifold Assault         Tloc           0%         N/A       100%        5
 Yara's Violent Unravell  Hex/Tmut       0%         3d3       100%        5
 Malign Gateway           Summ/Tloc      0%         N/A       100%        7
 Orb of Destruction       Conj           0%         9d5       100%        7
 Spellforged Servitor     Conj/Summ      0%         N/A       100%        7
 Summon Hydra             Summ           0%         N/A       100%        7
 Lehudib's Crystal Spear  Conj/Erth      0%         10d2      100%        8
 Summon Horrible Things   Summ           0%         N/A       100%        8
 Chain Lightning          Conj/Air       0%         N/A       100%        9
 Sublimation of Blood     Necr           Unusable   N/A       N/A         2
 Statue Form              Tmut/Erth      Unusable   N/A       N/A         6

Dungeon Overview and Level Annotations

Branches:
Dungeon (13/15)            Temple (0/1) D:5            Lair (2/5) D:8
    Orc (1/2) D:10        Gauntlet (1/1)
  Swamp: Lair:2-3    Shoals: Lair:2-3     Snake: Lair:2-3    Spider: Lair:2-3
 Vaults: D:13-14

Altars:
Cheibriados
Dithmenos
Gozag
Makhleb
Nemelex Xobeh
Okawaru
Ru
Sif Muna
Wu Jian
Xom
Yredelemnul
Zin

Shops:
D:4 (   D:7 :   D:11 *

Annotations:
D:3 exclusion: 2 downstairs
D:8 exclusion: downstairs
D:9 exclusion: downstairs Gauntlet 7 transporters, 3 runed translucent doors


Innate Abilities, Weirdness & Mutations

You are immune to sickness and miasma.
Your stone body is resilient. (AC +9)
You are immune to poison.
You resist negative energy. (rN+)
You are resistant to electric shocks. (rElec)
You are resistant to unholy torment.
You are immune to petrification.
You are mostly covered in iridescent scales. (AC +4)
You have a somewhat thin skeletal structure. (Dex +2, Stealth+)
You sometimes lose your temper in combat.
Armour fits poorly on your strangely shaped body.
Your body sometimes deteriorates upon taking damage.
You are dopey. (Int -2)
Your muscles are strong. (Str +4, Int/Dex -1)
Your spells are harder to cast, but more powerful.
You have hidden genetic potential.


Message History

The ice devil misses you.
You hit the ice devil.
The ice devil is moderately wounded.
The ice devil hits you! The ice devil freezes you. You resist.
You barely miss the ice devil.
The ice devil is moderately wounded.
The ice devil barely misses you.
You slash the ice devil!
The ice devil is heavily wounded.
The ice devil hits you. The ice devil freezes you! You resist.
* * * LOW HITPOINT WARNING * * *
You are confused.
You feel invigorated. The ice devil closely misses you.
You barely miss the ice devil.
The ice devil is heavily wounded.
The ice devil closely misses you.
A minotaur comes into view.
It is wielding the +7 battleaxe of the Dwarven Hall {venom, Contam rN+++ Will++ rCorr}, wearing a +0 plate armour of poison resistance and quivering silver javelins.
The minotaur bellows!
The ice devil hits you. The ice devil freezes you! You resist.
* * * LOW HITPOINT WARNING * * *
The ice devil hits you!
* * * LOW HITPOINT WARNING * * *
The ice devil freezes you. You resist.
* * * LOW HITPOINT WARNING * * *
Okay, then.
Okay, then.
You are too confused!
Unknown command.
You feel better.
You feel less invigorated.
The ice devil hits you but does no damage.
Blink to where?
Press: ? - help, Dir - move target
As you read the scroll of blinking, it crumbles to dust.
Found two items.
The minotaur throws a silver javelin.
The silver javelin pierces through you!!
* * * LOW HITPOINT WARNING * * *
Your body deteriorates!
You feel dopey. The silver sears you!
You die...
Xom thinks this is hilarious!

≈###≈###≈###...........###≈###≈##
## ### ################# ### ###
#...§.............
#.♣.♣.©.©.©.©.♣.♣.#
#....4............
###.#.#######.#.### #.#....#
...#.# #.#H##.#.##.#.#
#.....@....... #.#..##'##..#.
#..# .8# ....# ..# ###8.# .8#
#### .[# .8# .[#


You could see a minotaur.

Vanquished Creatures
  Gastronok (D:8)
  2 hydras (D:11)
  A boulder beetle (D:11)
  5 two-headed ogres
  A harpy (shapeshifter) (D:10)
  A cyclops (D:11)
  5 elephants (Lair:1)
  3 cane toads
  A torpor snail (Gauntlet)
  2 gargoyles
  Maggie (D:9)
  A rime drake (Lair:1)
  2 komodo dragons
  Psyche (D:12)
  A meliai (shapeshifter) (D:5)
  3 hornets
  3 trolls
  Prince Ribbit (D:8)
  3 slime creatures (D:12)
  A jumping spider (shapeshifter) (D:9)
  A shadow (D:11)
  5 wyverns
  27 yaks
  A wraith (D:10)
  Grum (D:8)
  A steam dragon (D:9)
  Menkaure (D:7)
  4 wargs
  3 swamp worms (Gauntlet)
  A water moccasin (D:5)
  4 ogres
  4 orc warriors (D:10)
  2 sky beasts
  An ice beast (D:7)
  A tengu (D:10)
  3 centaurs
  7 wolves
  3 phantoms
  5 kobold brigands
  6 bullfrogs
  2 necrophages (D:7)
  A gnoll sergeant (D:9)
  2 scorpions (D:5)
  16 killer bees
  A howler monkey (D:10)
  6 jellies
  A gnoll bouda (D:5)
  3 hounds
  12 orc priests
  An iguana (D:6)
  18 orc wizards
  2 killer bee zombies (D:6)
  12 adders
  12 gnolls
  A shadow imp (D:5)
  An ufetubus (D:7)
  A worm (D:3)
  3 dart slugs
  57 orcs
  7 endoplasms
  2 giant cockroaches (D:1)
  11 goblins
  20 hobgoblins
  A jackal (D:2)
  2 quokkas
  9 ball pythons
  5 bats
  5 frilled lizards
  33 kobolds
  5 rats
372 creatures vanquished.

Vanquished Creatures (collateral kills)
  Pikel (D:8)
  Eustachio (D:6)
  7 yaks
  A phantom (D:5)
  2 lemures (D:8)
  An orc (D:6)
  2 kobolds (D:8)
15 creatures vanquished.

Vanquished Creatures (others)
  An orc wizard (D:4)
  6 fungi
  8 plants
15 creatures vanquished.

Grand Total: 402 creatures vanquished

Notes
Turn   | Place    | Note
-------+----------+-------------------------------------------
     0 | D:1      | tardwrangler69 the Gargoyle Chaos Knight began the quest
                  | for the Orb.
     0 | D:1      | Reached XP level 1. HP: 14/14 MP: 1/1
    26 | D:1      | XOM: divination: detect items
    52 | D:1      | Reached skill level 3 in Axes
    66 | D:1      | Reached XP level 2. HP: 17/19 MP: 2/2
    99 | D:1      | Got Taov's Folio of Hurting
   527 | D:1      | Reached XP level 3. HP: 18/23 MP: 3/3
   819 | D:1      | XOM: scenery: 2 doors open
   977 | D:1      | XOM: god gift: 44 gold pieces
  1195 | D:2      | Reached skill level 4 in Axes
  1317 | D:2      | XOM: silly message
  1320 | D:2      | Found a faded altar of an unknown god.
  1363 | D:2      | XOM: 8-stop teleportation journey
  1420 | D:2      | XOM: god gift: wand of paralysis (5)
  1538 | D:2      | Reached XP level 4. HP: 24/28 MP: 4/4
  1649 | D:2      | XOM: god gift: scroll labelled NENIMIP YRUQOTUNO {god gift}
  1659 | D:2      | XOM: give mutations
  1659 | D:2      | Gained mutation: Your natural rate of healing is unusually
                  | fast. [Xom's mischief]
  1659 | D:2      | Gained mutation: Armour fits poorly on your strangely
                  | shaped body. [Xom's mischief]
  1659 | D:2      | Gained mutation: You have hidden genetic potential. [Xom's
                  | mischief]
  1659 | D:2      | Gained mutation: You sometimes lose your temper in combat.
                  | [Xom's mischief]
  1953 | D:3      | XOM: silly message
  1963 | D:3      | Reached skill level 5 in Axes
  2045 | D:3      | Reached XP level 5. HP: 32/32 MP: 5/5
  2332 | D:3      | Gained mutation: You are partially covered in iridescent
                  | scales. (AC +2) [hidden potential]
  2353 | D:3      | Found a sacrificial altar of Ru.
  2678 | D:4      | Found Zovadafo's Weapon Shoppe.
  2730 | D:4      | Reached skill level 6 in Axes
  2730 | D:4      | Reached XP level 6. HP: 36/37 MP: 6/6
  2739 | D:4      | XOM: noise
  2846 | D:4      | Gained mutation: You are covered in fur. (AC +1) [hidden
                  | potential]
  2846 | D:4      | Lost mutation: You have hidden genetic potential. [hidden
                  | potential expressed]
  2887 | D:4      | XOM: swap monsters
  2957 | D:4      | XOM: torment (30/37 hp)
  3185 | D:4      | XOM: blink monster(s)
  3252 | D:3      | Reached skill level 7 in Axes
  3252 | D:3      | Reached XP level 7. HP: 41/41 MP: 7/7
  3450 | D:5      | Entered Level 5 of the Dungeon
  3452 | D:5      | XOM: give mutations
  3452 | D:5      | Gained mutation: You are mostly covered in iridescent
                  | scales. (AC +4) [Xom's grace]
  3452 | D:5      | Gained mutation: You have a pair of small horns on your
                  | head. [Xom's grace]
  3452 | D:5      | Gained mutation: You are somewhat resistant to further
                  | mutation. [Xom's grace]
  3452 | D:5      | Gained mutation: You have a pair of horns on your head.
                  | [Xom's grace]
  3586 | D:5      | XOM: god gift: wand of acid (4)
  3633 | D:5      | Found an opulent altar of Gozag.
  3777 | D:5      | XOM: scenery: 1 doors open
  3889 | D:5      | XOM: stat loss: -1 Str (16/17)
  3908 | D:5      | XOM: torment (34/42 hp)
  4079 | D:5      | XOM: silly message
  4104 | D:5      | Found a staircase to the Ecumenical Temple.
  4147 | D:5      | Noticed a shapeshifter
  4147 | D:5      | an ogre changed into a shapeshifter
  4147 | D:5      | XOM: polymorph ogre -> shapeshifter
  4147 | D:5      | Noticed a meliai
  4147 | D:5      | a shapeshifter changed into a meliai
  4153 | D:5      | XOM: summons 7 friendly demons
  4160 | D:5      | XOM: blink monster(s)
  4165 | D:5      | Killed a meliai
  4166 | D:5      | Reached skill level 5 in Fighting
  4166 | D:5      | Reached XP level 8. HP: 33/49 MP: 8/8
  4174 | D:5      | Reached skill level 8 in Axes
  4259 | D:5      | XOM: cleaving
  4415 | D:5      | XOM: 3-stop teleportation journey
  4445 | D:5      | XOM: blink monster(s)
  4922 | D:6      | XOM: 1-stop teleportation journey
  4956 | D:5      | XOM: silly message
  5087 | D:6      | XOM: chaos cloud
  5114 | D:6      | Noticed Eustachio
  5125 | D:6      | Noticed a yak
  5125 | D:6      | Noticed a yak
  5126 | D:6      | Noticed a yak
  5127 | D:6      | XOM: summons 2 friendly demons
  5132 | D:6      | Killed Eustachio
  5133 | D:6      | Reached skill level 9 in Axes
  5133 | D:6      | Reached XP level 9. HP: 57/57 MP: 9/9
  5135 | D:6      | XOM: swap monsters
  5310 | D:6      | XOM: give mutation
  5310 | D:6      | Gained mutation: You are agile. (Dex +4, Str/Int -1) [Xom's
                  | mischief]
  5319 | D:6      | Found a sparkling altar of Nemelex Xobeh.
  5580 | D:6      | Found a basalt altar of Yredelemnul.
  5649 | D:7      | Found a shimmering blue altar of Sif Muna.
  5649 | D:7      | Found a shadowy altar of Dithmenos.
  5723 | D:7      | XOM: summons 3 hostile demons
  5729 | D:7      | Reached skill level 5 in Armour
  5799 | D:7      | Found Yviokita's Book Emporium.
  5814 | D:7      | Noticed a komodo dragon
  5814 | D:7      | XOM: 3-stop teleportation journey
  5829 | D:7      | You fall into a shaft and drop 2 floors!
  5927 | D:8      | XOM: silly message
  5959 | D:8      | Noticed Grum
  5965 | D:8      | XOM: confusion (+ monsters)
  5969 | D:8      | XOM: confusion (+ monsters)
  5971 | D:8      | Killed Grum
  5977 | D:8      | XOM: summons 2 hostile demons
  6035 | D:8      | Noticed a two-headed ogre
  6110 | D:7      | XOM: 1-stop teleportation journey
  6151 | D:7      | Reached XP level 10. HP: 56/64 MP: 10/10
  6267 | D:7      | Found a glowing silver altar of Zin.
  6267 | D:7      | Found an ornate altar of the Wu Jian Council.
  6305 | D:7      | XOM: summons 6 hostile demons
  6646 | D:7      | Noticed Menkaure
  6655 | D:7      | Killed Menkaure
  6950 | D:8      | XOM: cloud trail
  6991 | D:8      | Noticed Prince Ribbit
  7025 | D:8      | Reached skill level 10 in Armour
  7032 | D:8      | Killed Prince Ribbit
  7095 | D:8      | Noticed Pikel
  7104 | D:8      | Killed Pikel
  7129 | D:8      | XOM: 2-stop teleportation journey
  7167 | D:8      | XOM: 1-stop teleportation journey
  7206 | D:8      | Found a staircase to the Lair.
  7343 | D:8      | XOM: 1-stop teleportation journey
  7353 | D:8      | XOM: scenery: create altars
  7359 | D:8      | XOM: silly message
  7361 | D:8      | XOM: confusion (+ monsters)
  7383 | D:8      | Killed a two-headed ogre
  7453 | D:8      | Reached XP level 11. HP: 68/68 MP: 11/11
  7522 | D:8      | Noticed Gastronok
  7527 | D:8      | Found a burning altar of Makhleb.
  7533 | D:8      | XOM: swap monsters
  7539 | D:8      | XOM: cleaving
  7554 | D:8      | Killed Gastronok
  7555 | D:8      | Reached skill level 10 in Axes
  7843 | D:9      | XOM: polymorph yak -> sky beast
  7894 | D:9      | Found a snail-covered altar of Cheibriados.
  7894 | D:9      | Noticed Maggie
  7894 | D:9      | XOM: 3-stop teleportation journey
  7907 | D:9      | Killed Maggie
  7921 | D:9      | Found an iron altar of Okawaru.
  7999 | D:9      | XOM: polymorph yak -> hornet
  8043 | D:9      | XOM: give mutations
  8043 | D:9      | Lost mutation: Your natural rate of healing is unusually
                  | fast. [Xom's mischief]
  8043 | D:9      | Lost mutation: You are covered in fur. (AC +1) [Xom's
                  | mischief]
  8043 | D:9      | Gained mutation: You occasionally lose the ability to read
                  | scrolls when taking damage. [Xom's mischief]
  8043 | D:9      | Lost mutation: You have a pair of horns on your head.
                  | [Xom's mischief]
  8090 | D:9      | XOM: enchant monster (bad)
  8410 | D:9      | XOM: blink monster(s)
  8424 | D:9      | Reached skill level 11 in Axes
  8495 | D:9      | XOM: 2-stop teleportation journey
  8519 | D:9      | XOM: 3-stop teleportation journey
  8870 | D:9      | Noticed a glowing shapeshifter
  8870 | D:9      | a gnoll changed into a glowing shapeshifter
  8870 | D:9      | XOM: polymorph gnoll -> glowing shapeshifter
  8870 | D:9      | a glowing shapeshifter changed into a swamp worm
  8871 | D:9      | XOM: confuse monster(s)
  8881 | D:9      | Noticed a cyclops
  8886 | D:9      | a cyclops changed into a jumping spider
  9374 | D:10     | Entered Level 10 of the Dungeon
  9378 | D:10     | Identified a scroll of acquirement
  9479 | D:4      | Acquired a +0 battleaxe of freezing
  9501 | D:4      | XOM: summons 6 hostile demons
  9688 | D:10     | Found a staircase to the Orcish Mines.
  9942 | D:10     | XOM: chaos cloud
  9948 | D:10     | Reached skill level 10 in Fighting
 10155 | D:10     | XOM: summons 6 hostile demons
 10484 | D:10     | XOM: give mutation
 10484 | D:10     | Lost mutation: You are mostly covered in iridescent scales.
                  | (AC +4) [Xom's mischief]
 10523 | D:10     | Noticed a two-headed ogre
 10537 | D:10     | Killed a two-headed ogre
 10538 | D:10     | Reached skill level 12 in Axes
 10538 | D:10     | Reached XP level 12. HP: 59/77 MP: 12/12
 10716 | D:10     | XOM: silly message
 10778 | D:11     | Noticed a boulder beetle
 10819 | Orc:1    | Entered Level 1 of the Orcish Mines
 10826 | Orc:1    | XOM: noise
 11002 | D:10     | XOM: summons 1 hostile shadow creature
 11620 | D:10     | XOM: summons 7 hostile demons
 11980 | D:10     | XOM: polymorph orc warrior -> tengu
 12110 | Orc:1    | XOM is BORED!
 12110 | Orc:1    | XOM: polymorph orc warrior -> shapeshifter
 12126 | D:10     | XOM: confusion
 12231 | Orc:1    | Noticed an orc high priest
 12383 | D:11     | Found Zin's Purification Station.
 12392 | D:11     | Found a glowing silver altar of Zin.
 12445 | D:11     | Noticed a four-headed hydra
 12445 | D:11     | XOM: scenery: create altars
 12459 | D:11     | XOM: smoke on damage
 12466 | D:11     | Killed a four-headed hydra
 12549 | D:11     | Killed a boulder beetle
 12549 | D:11     | XOM: 3-stop teleportation journey
 12550 | D:11     | Reached skill level 13 in Axes
 12678 | D:11     | XOM: give mutations
 12678 | D:11     | Lost mutation: You occasionally lose the ability to read
                  | scrolls when taking damage. [Xom's mischief]
 12678 | D:11     | Gained mutation: Your body sometimes deteriorates upon
                  | taking damage. [Xom's mischief]
 12678 | D:11     | Lost mutation: You are agile. (Dex +4, Str/Int -1) [Xom's
                  | mischief]
 12760 | D:11     | XOM: give mutations
 12760 | D:11     | Gained mutation: You have a somewhat thin skeletal
                  | structure. (Dex +2, Stealth+) [Xom's grace]
 12760 | D:11     | Gained mutation: Your spells are a little harder to cast,
                  | but a little more powerful. [Xom's grace]
 12760 | D:11     | Gained mutation: Your muscles are strong. (Str +4, Int/Dex
                  | -1) [Xom's grace]
 12841 | D:11     | XOM: give mutations
 12841 | D:11     | Lost mutation: You are somewhat resistant to further
                  | mutation. [Xom's grace]
 12841 | D:11     | Gained mutation: You have hidden genetic potential. [Xom's
                  | grace]
 12841 | D:11     | Gained mutation: Your spells are harder to cast, but more
                  | powerful. [Xom's grace]
 12944 | D:11     | XOM: potion effect (might)
 13066 | D:11     | Noticed a two-headed ogre
 13066 | D:11     | Noticed a two-headed ogre
 13068 | D:11     | Noticed a seven-headed hydra
 13073 | D:11     | Killed a two-headed ogre
 13074 | D:11     | Killed a two-headed ogre
 13076 | D:11     | XOM: enchant monster (good)
 13087 | D:10     | XOM: enchant monster (bad)
 13094 | D:10     | XOM: destruction
 13293 | D:11     | XOM: blink monster(s)
 13296 | D:11     | Killed a seven-headed hydra
 13297 | D:11     | Reached skill level 14 in Axes
 13949 | D:12     | Noticed Psyche
 13964 | D:12     | Killed Psyche
 14110 | D:12     | XOM: god gift: 6 gold pieces
 14150 | D:12     | Noticed a two-headed ogre
 14157 | D:12     | Killed a two-headed ogre
 14566 | D:12     | XOM: potion effect (brilliance)
 14637 | D:12     | XOM: silly message
 14802 | D:13     | Noticed a six-headed hydra
 14802 | D:13     | XOM: potion effect (brilliance)
 14803 | D:13     | XOM: silly message
 14807 | D:13     | XOM: noise
 14809 | D:12     | XOM: divination: magic mapping
 15195 | Lair:1   | XOM: stealth player
 15195 | Lair:1   | Entered Level 1 of the Lair of Beasts
 15208 | Lair:1   | XOM: summons 12 friendly demons
 15533 | Lair:1   | Reached XP level 13. HP: 80/83 MP: 13/13
 15540 | Lair:1   | Reached skill level 15 in Axes
 15617 | Lair:1   | XOM: 3-stop teleportation journey
 15629 | Lair:1   | XOM: cleaving
 15631 | Lair:1   | XOM: polymorph water moccasin -> warg
 15640 | Lair:1   | XOM: confusion (+ monsters)
 15722 | Lair:1   | XOM: give mutations
 15722 | Lair:1   | Gained mutation: You are dopey. (Int -2) [Xom's mischief]
 15722 | Lair:1   | Lost mutation: You have a pair of small horns on your head.
                  | [Xom's mischief]
 16089 | Lair:1   | XOM: summons 4 hostile demons
 16701 | Lair:2   | Found a gate leading to a gauntlet.
 16710 | Gauntlet | Entered a Gauntlet
 16710 | Gauntlet | Found a transporter.
 16710 | Gauntlet | Found a runed translucent door.
 16711 | Gauntlet | Found a runed translucent door.
 16711 | Gauntlet | Gained mutation: You are mostly covered in iridescent
                  | scales. (AC +4) [hidden potential]
 16715 | Gauntlet | Found a transporter.
 16717 | Gauntlet | Found a transporter.
 16725 | Gauntlet | Found a runed translucent gate.
 16725 | Gauntlet | Found a runed translucent gate.
 16725 | Gauntlet | Found a runed translucent gate.
 16728 | Gauntlet | Found a transporter.
 16731 | Gauntlet | Found a transporter.
 16735 | Gauntlet | Noticed a blizzard demon
 16739 | Gauntlet | Found a transporter.
 16754 | Gauntlet | Found a runed translucent door.
 16755 | Gauntlet | Found a transporter.
 16756 | Gauntlet | Found a runed translucent door.
 16766 | Gauntlet | Found a transporter.
 16778 | Gauntlet | Found a transporter.
 16783 | Gauntlet | Found a transporter.
 16811 | Gauntlet | Found a transporter.
 16868 | Gauntlet | Found a transporter.
 16871 | Gauntlet | Found a transporter.
 16986 | Gauntlet | Reached skill level 1 in Evocations
 17031 | Gauntlet | Identified the +0 helmet "Mextur" {rC+ Str+2 Dex+4 Stlth-}
 17104 | Gauntlet | Identified the ring "Zicaej" {rElec rF+ Dex+3}
 17117 | Gauntlet | Identified the +7 battleaxe of the Dwarven Hall {venom,
                  | Contam rN+++ Will++ rCorr}
 17117 | Gauntlet | Noticed a minotaur
 17122 | Gauntlet | Found the +4 Cigotuvi's embrace {rMiasma Drain rN+}
 17122 | Gauntlet | Hit by a silver javelin thrown by a minotaur

Illustrated notes

Levels and vault maps discovered:
D:1:      psy_arrival_statuary, layout_basic
D:2:      layout_rooms, nicolae_ecumenical_snake_handling, chequers_arboretum,
          minmay_between
D:3:      layout_loops_cross, nicolae_ru_great_annihilating_truth,
          minmay_surrounded
D:4:      layout_rooms, serial_shops, nicolae_stop_n_shop_2
D:5:      corexii_shantytown, layout_loops_corners, grunt_gozag_statues,
          minmay_temple_entry_gardened_gates
D:6:      layout_cave_pools, nemelex_dance_club_becter,
          lemuel_zombie_altar_yredelemnul, uniq_eustachio
D:7:      layout_basic, chequers_temple_overflow_statue_of_worship,
          gammafunk_temple_overflow_pools, serial_shops, shop, uniq_menkaure
D:8:      layout_loops_ring, mainiacjoe_overflow_tiny_flanked,
          dpeg_oklobed_lair, uniq_prince_ribbit1, uniq_pikel, uniq_grum,
          uniq_gastronok
D:9:      layout_roguey, amethyst_overflow_temple_binary, enter_bailey_4,
          uniq_maggie
D:10:     layout_roguey, erik_orc_3
D:11:     layout_cave_pools, zin_purify
D:12:     layout_basic, uniq_psyche
D:13:     minmay_clustersquares, layout_stronghold,
          lightli_vaults_fourway_checkpoint, serial_column_ruins,
          column_ruins_corridor_straight, column_ruins_columns_straight,
          column_ruins_grid_2, column_ruins_grid_1, column_ruins_open_large,
          minmay_hollow_rounded_squares
Lair:1:   layout_long_grid, small_statue_intersection
Lair:2:   dragon1_lemuel, layout_gridlike, dummy_snake_entry,
          gauntlet_entry_generic, infiniplex_staircase_pool_2,
          lemuel_fruit_fields, grunt_megastairs_5, lemuel_fruit_tree
Orc:1:    layout_caves, basic_altar, nicolae_orc_pool_cavern
Gauntlet: minmay_gauntlet_77_tree [minmay_gauntlet_arena_77_shame_cube,
          minmay_gauntlet_arena_77_run_for_it,
          minmay_gauntlet_arena_77_p_blocks,
          minmay_gauntlet_arena_77_double_cross,
          minmay_gauntlet_arena_77_cramped, minmay_gauntlet_arena_77_mirror,
          minmay_gauntlet_arena_77_mess, nicolae_gauntlet_exit_dead_adventurers]

Skill      XL: |  1  2  3  4  5  6  7  8  9 10 11 12 13 |
---------------+----------------------------------------+-----
Axes           | 3 4 5 6 7 9 12 14 15 | 15.0
Fighting       | 5 7 8 10 12 | 12.0
Armour         | 7 12 | 12.2
Evocations     | 1 |  1.4
Dodging        | |  0.7

Action                   |  1- 3 |  4- 6 |  7- 9 | 10-12 | 13-15 || total
-------------------------+-------+-------+-------+-------+-------++-------
Melee: Hand axe          |    94 |   241 |   399 |   230 |       ||   964
       Punch             |     1 |     2 |     5 |     6 |       ||    14
       Headbutt          |       |       |    69 |   168 |     4 ||   241
       Short sword       |       |       |       |    72 |       ||    72
       War axe           |       |       |       |   137 |       ||   137
       Battleaxe         |       |       |       |   274 |    75 ||   349
Throw: Javelin           |       |       |       |       |    10 ||    10
       Dart              |       |       |       |       |     4 ||     4
       Throwing net      |       |       |       |       |     1 ||     1
Evoke: Wand              |       |       |     2 |     5 |       ||     7
       Piece from Xom's  |       |       |     2 |    13 |       ||    15
  Use: Scroll            |     1 |     2 |     4 |    20 |     2 ||    29
       Potion            |       |     2 |     2 |    13 |     4 ||    21
 Stab: Paralysed         |       |     1 |       |     5 |       ||     6
       Invisible         |       |       |     1 |       |       ||     1
       Confused          |       |       |     1 |     2 |       ||     3
       Distracted        |       |       |     1 |       |       ||     1
       Petrified         |       |       |       |     6 |       ||     6
Armor: Leather armour    |    50 |    31 |       |       |       ||    81
       Ring mail         |       |    86 |    51 |       |       ||   137
       Skin              |       |     2 |       |       |    13 ||    15
       Scale mail        |       |       |   141 |   246 |       ||   387
       Plate armour      |       |       |       |   253 |    42 ||   295
Dodge: Dodged            |    64 |   142 |   294 |   653 |    43 ||  1196
